 Dungeon Crawl Stone Soup version 0.29.1-1-gd02db69 (webtiles) character file.

Game seed: 3322583908224385336

191 andy909 the Slasher (level 5, -9/46 HPs)
             Began as a Minotaur Monk on Dec 28, 2022.
             Mangled by a nameless horror (17 damage)
             ... created by miscasting Summon Guardian Golem
             ... on level 3 of the Dungeon on Jan 27, 2023.
             The game lasted 00:49:02 (4751 turns).

andy909 the Slasher (Minotaur Monk)                 Turns: 4751, Time: 00:49:03

Health: -9/46      AC:  7    Str: 17    XL:     5   Next: 42%
Magic:  0/5        EV: 12    Int:  7    God:
Gold:   138        SH:  0    Dex: 13    Spells: 0/6 levels left

rFire   . . .      SeeInvis .   j - +0 whip (flame)
rCold   . . .      Faith    .   (no shield)
rNeg    + . .      Spirit   .   k - +2 ring mail {rN+}
rPois   .          Reflect  .   (helmet restricted)
rElec   .          Harm     .   (no cloak)
rCorr   .          Rampage  .   (no gloves)
Will    .....                   (no boots)
Stlth   +.........              (no amulet)
HPRegen 0.15/turn               (no ring)
MPRegen 0.09/turn               (no ring)

@: very slightly contaminated
A: horns 2, retaliatory headbutt
a: no special abilities


You were on level 3 of the Dungeon.
You visited 1 branch of the dungeon, and saw 3 of its levels.
You also visited: Sewer.

You collected 138 gold pieces.

Inventory:

Hand Weapons
 a - a +0 falchion of protection
 b - a +0 arbalest
 j - a +0 whip of flaming (weapon)
 n - a +0 falchion of holy wrath
 o - a +2 antimagic spear
Missiles
 l - 14 stones (quivered)
 r - 2 curare-tipped darts
Armour
 k - a +2 ring mail of positive energy (worn)
Scrolls
 e - a scroll of fog {unknown}
 h - a scroll of silence
 i - a scroll of enchant armour
 m - 2 scrolls of teleportation
Potions
 c - a potion of ambrosia
 d - a potion of mutation {unknown}
 f - 2 potions of curing
 g - 3 potions of haste
 q - a potion of berserk rage


   Skills:
 * Level 4.2 Fighting
 + Level 5.0 Long Blades
 + Level 0.9 Maces & Flails
 + Level 1.0 Armour
 * Level 4.5 Dodging
 + Level 1.6 Stealth
 * Level 1.0 Spellcasting
 + Level 0.8 Summonings


You couldn't memorise any spells.
You knew the following spells:

 Your Spells              Type           Power      Damage    Failure   Level
a - Summon Small Mammal   Summ           4%         N/A       50%         1
b - Passwall              Tmut/Erth      0%         N/A       75%         2
c - Summon Guardian Gole  Hex/Summ       0%         N/A       89%         3

Your spell library contained the following spells:

 Spells                   Type           Power      Damage    Failure   Level
 Apportation              Tloc           0%         N/A       61%         1
 Magic Dart               Conj           0%         1d3       61%         1
 Necrotise                Necr           0%         1d4       61%         1
 Sandblast                Erth           0%         2d4       61%         1
 Searing Ray              Conj           0%         2d4       75%         2
 Call Canine Familiar     Summ           1%         N/A       86%         3
 Gell's Gravitas          Tloc           0%         N/A       93%         3
 Ozocubu's Armour         Ice            0%         N/A       93%         3
 Stone Arrow              Conj/Erth      0%         3d7       93%         3
 Teleport Other           Tloc           0%         N/A       93%         3
 Fulminant Prism          Conj/Hex       0%         3d6       100%        4
 Dispersal                Tloc           0%         N/A       100%        6
 Ozocubu's Refrigeration  Ice            0%         4d7       100%        7


Dungeon Overview and Level Annotations

Branches:
Dungeon (3/15)              Sewer (visited)

Altars:
Sif Muna
Zin

Shops:
D:2 =


Innate Abilities, Weirdness & Mutations

You have a pair of horns on your head.
You reflexively headbutt those who attack you in melee.


Message History

You are very lightly contaminated with residual magic.
Distant voices call out in your mind.
A nameless horror comes into view.
A nameless horror is nearby!
The nameless horror hits you!
You feel your power leaking away.
You hit the nameless horror but do no damage.
You headbutt the nameless horror.
The nameless horror is lightly damaged.
The nameless horror hits you!!
You barely miss the nameless horror.
The nameless horror is lightly damaged.
The nameless horror hits you.
You hit the nameless horror but do no damage.
You headbutt the nameless horror.
The nameless horror is lightly damaged.
The nameless horror hits you!
* * * LOW HITPOINT WARNING * * *
Casting: Summon Guardian Golem (extremely dangerous; 89% risk of failure)
Confirm with . or Enter, or press ? or * to list all spells.
You don't know that spell.
You feel much better.
The nameless horror completely misses you.
You hit the nameless horror. You burn the nameless horror.
The nameless horror is moderately damaged.
The nameless horror closely misses you.
You hit the nameless horror but do no damage.
You headbutt the nameless horror.
The nameless horror is moderately damaged.
The nameless horror hits you!
* * * LOW HITPOINT WARNING * * *
You hit the nameless horror but do no damage.
You headbutt the nameless horror!
The nameless horror is heavily damaged.
The nameless horror barely misses you.
You hit the nameless horror but do no damage.
Your headbutt misses the nameless horror.
The nameless horror is heavily damaged.
The nameless horror hits you!
You die...

###############.##
#................)
#.################ #.# #.......
###### #.###### #.###### #....#
#####....## #.##....
###....#######...##....# #.##....
#..........##...X.##...# #.##....
...........#....@..#...###.#.....
##.........#..._...#...'.#.##....
##.^......#.......#...#.#.#.....
#####......##.....##.#...#.#.....
#####..###..##...##....#.#.#.#...
#$$##..###...##.##.#.###.#.#.#...
$$$##..>.+......)..+.......#.#.##
#$$##...##.........#.##......#...
#####........#######'##......#...


You could see a nameless horror.

Vanquished Creatures
  4 adders
  A gnoll (D:1)
  3 river rats (Sewer)
  5 worms
  4 dart slugs
  6 orcs (D:3)
  7 bats
  8 endoplasms
  4 giant cockroaches (D:3)
  2 hobgoblins (D:1)
  6 jackals (D:2)
  A quokka (D:2)
  9 ball pythons
  A frilled lizard (D:3)
  9 goblins
  13 kobolds
  6 rats
89 creatures vanquished.

Vanquished Creatures (collateral kills)
  An endoplasm (Sewer)
  A rat (D:3)
2 creatures vanquished.

Grand Total: 91 creatures vanquished

Notes
Turn   | Place    | Note
-------+----------+-------------------------------------------
     0 | D:1      | andy909 the Minotaur Monk began the quest for the Orb.
     0 | D:1      | Reached XP level 1. HP: 19/19 MP: 0/0
   190 | D:1      | Reached XP level 2. HP: 26/27 MP: 1/1
   206 | D:1      | Found a faded altar of an unknown god.
   210 | D:1      | Reached skill level 4 in Long Blades
   488 | D:1      | Reached XP level 3. HP: 27/33 MP: 2/2
   561 | D:1      | Learned a level 1 spell: Summon Small Mammal
  1834 | D:2      | Found Xisedd's Jewellery Shoppe.
  2350 | D:2      | Reached skill level 5 in Long Blades
  2899 | D:3      | Reached XP level 4. HP: 40/40 MP: 3/3
  3074 | D:3      | Found a glowing drain.
  3111 | Sewer    | Entered a sewer
  3570 | Sewer    | Reached XP level 5. HP: 42/46 MP: 2/4
  3855 | D:3      | Reached skill level 1 in Armour
  3857 | D:3      | Reached skill level 1 in Spellcasting
  4172 | D:3      | Found a shimmering blue altar of Sif Muna.
  4360 | D:3      | Found a glowing silver altar of Zin.
  4738 | D:3      | Learned a level 2 spell: Passwall
  4742 | D:3      | Learned a level 3 spell: Summon Guardian Golem
  4742 | D:3      | Noticed a nameless horror
  4746 | D:3      | HP: 2/46 [nameless horror[miscasting Summon Guardian Golem]
                  | (16)]
  4751 | D:3      | Mangled by a nameless horror

Illustrated notes

Levels and vault maps discovered:
D:1:      dpeg_arrival_more_subterranean_lakeside_camping, layout_loops_corners,
          ebering_ecumenical_altar_abandoned
D:2:      layout_loops_corners, serial_shops, nicolae_shop_behind_doors
D:3:      minmay_angry_zag, layout_basic, zin_treasury, lemuel_round_altar,
          portal_sewer_entry_a, nicolae_figureground_sparkle

Skill      XL: |  1  2  3  4  5 |
---------------+----------------+-----
Long Blades    | 4 5 |  5.0
Dodging        | 4 |  4.5
Fighting       | 4 |  4.2
Armour         | 1 |  1.0
Spellcasting   | 1 |  1.0
Maces & Flails | |  0.9
Stealth        | |  1.6
Summonings     | |  0.8

Action                   |  1- 3 |  4- 6 || total
-------------------------+-------+-------++-------
Melee: Falchion          |    89 |       ||    89
       Headbutt          |    15 |    32 ||    47
       Whip              |    11 |   144 ||   155
       Punch             |       |     1 ||     1
 Cast: Summon Small Mamm |     6 |    37 ||    43
  Use: Scroll            |     9 |     3 ||    12
       Potion            |       |     1 ||     1
 Stab: Distracted        |       |     2 ||     2
Armor: Robe              |     4 |       ||     4
       Ring mail         |    48 |    45 ||    93
Dodge: Dodged            |    90 |    75 ||   165
